 Dungeon Crawl Stone Soup version 0.30-a0-250-g41c1d76940 (webtiles) character file.

Game seed: 3675034542931432027

60 greasedhog the Shield-Bearer (level 3, -2/33 HPs)
             Began as a Minotaur Fighter on Oct 12, 2022.
             Slain by a shadow imp (3 damage)
             ... summoned by Natasha
             ... on level 2 of the Dungeon.
             The game lasted 00:01:46 (976 turns).

greasedhog the Shield-Bearer (Minotaur Fighter)      Turns: 976, Time: 00:01:46

Health: -2/33      AC:  8    Str: 20    XL:     3   Next: 82%
Magic:  2/2        EV:  9    Int:  7    God:
Gold:   58         SH:  5    Dex:  9    Spells: 2/2 levels left

rFire   . . .      SeeInvis .    a - +0 war axe
rCold   . . .      Faith    .    c - +1 buckler
rNeg    . . .      Spirit   .    b - +0 scale mail
rPois   .          Reflect  .    (helmet restricted)
rElec   .          Harm     .    (no cloak)
rCorr   .          Rampage  .    (no gloves)
Will    .....                    h - +0 pair of boots
Stlth   ..........               (no amulet)
HPRegen 0.25/turn                (no ring)
MPRegen 0.08/turn                (no ring)

@: slowed, very slow
A: horns 2, retaliatory headbutt
a: no special abilities


You were on level 2 of the Dungeon.
You visited 1 branch of the dungeon, and saw 2 of its levels.

You collected 58 gold pieces.

Inventory:

Hand Weapons
 a - a +0 war axe (weapon)
Armour
 b - a +0 scale mail (worn)
 c - a +1 buckler (worn)
 h - a +0 pair of boots (worn)
Jewellery
 k - a +4 ring of slaying
Potions
 d - a potion of might
 f - a potion of curing {unknown}
 i - a potion of flight {unknown}
 j - a potion of attraction {unknown}


   Skills:
 * Level 4.2 Fighting
 * Level 3.2 Axes
 * Level 4.2 Armour
 * Level 4.3 Shields


You had 2 spell levels left.
You didn't know any spells.
Your spell library was empty.

Dungeon Overview and Level Annotations

Branches:
Dungeon (2/15)

Altars:

Annotations:
D:2 Natasha


Innate Abilities, Weirdness & Mutations

You have a pair of horns on your head.
You reflexively headbutt those who attack you in melee.


Message History

You are too injured to fight recklessly!
You are too injured to fight recklessly!
You are too injured to fight recklessly!
You are too injured to fight recklessly!
You are too injured to fight recklessly!
You are too injured to fight recklessly!
You are too injured to fight recklessly!
You are too injured to fight recklessly!
You are too injured to fight recklessly!
Unknown command.
You slash Natasha! Your headbutt misses Natasha.
Natasha is almost dead.
You hit the shadow imp.
You hit the shadow imp but do no damage.
Natasha stares at you and mumbles some strange words.
You feel yourself slow down. The shadow imp hits you.
You block the shadow imp's attack. Natasha claws you.
The shadow imp hits you but does no damage.
You block the shadow imp's attack.
You closely miss Natasha.
Natasha is almost dead.
You barely miss the shadow imp. You hit the shadow imp.
Natasha casts a spell at you. You resist with significant effort.
The shadow imp hits you but does no damage.
The shadow imp gestures at you. Pain shoots through your body!
* * * LOW HITPOINT WARNING * * *
Natasha claws you but does no damage. You block the shadow imp's attack.
The shadow imp hits you but does no damage.
You closely miss Natasha.
Natasha is almost dead.
You closely miss the shadow imp. x2; Natasha claws you.
* * * LOW HITPOINT WARNING * * *
You block the shadow imp's attack. x2
Natasha hisses.
Natasha claws you but does no damage. The shadow imp hits you.
* * * LOW HITPOINT WARNING * * *
The shadow imp hits you.
You die...

#.#
#........####
#.#
#.............
#.#
#.....[..#####
#.# #........#
#.# #........#
#.# ####.....#
#.# #.....#
#.# #..h5.#
#.# #.5@..#
#.# #?....+
#.# #.....#
#.# ###'#.#
#.# #.#.# #.#
#.#.# #.# #.#
#
#.#########.#
#...........#


You could see Natasha and 2 shadow imps.

Vanquished Creatures
  Natasha (D:2)
  An adder (D:2)
  A dart slug (D:1)
  4 endoplasms
  2 goblins (D:1)
  A hobgoblin (D:2)
  4 quokkas (D:1)
  6 ball pythons
  A bat (D:1)
  2 frilled lizards (D:1)
  A kobold (D:1)
  5 rats (D:1)
29 creatures vanquished.

Vanquished Creatures (others)
  2 plants (D:2)
  A withered plant (D:2)
3 creatures vanquished.

Grand Total: 32 creatures vanquished

Notes
Turn   | Place    | Note
-------+----------+-------------------------------------------
     0 | D:1      | greasedhog the Minotaur Fighter began the quest for the
                  | Orb.
     0 | D:1      | Reached XP level 1. HP: 19/19 MP: 0/0
   183 | D:1      | Reached XP level 2. HP: 26/27 MP: 1/1
   748 | D:2      | Found a faded altar of an unknown god.
   804 | D:2      | Noticed Natasha
   806 | D:2      | Reached XP level 3. HP: 33/33 MP: 2/2
   809 | D:2      | Killed Natasha
   967 | D:2      | Noticed Natasha
   976 | D:2      | HP: 1/33 [shadow imp[Natasha] (5)]
   976 | D:2      | Slain by a shadow imp

Illustrated notes

Levels and vault maps discovered:
D:1:      heliophobic_arrival_ceremonial_halls, layout_loops_ring,
          serial_park_tiny_2, minmay_misc_feat_roman,
          chequers_serial_rivers_room_a, minmay_misc_feat_columns
D:2:      layout_basic, shapermc_ecumenical_altar_flowoftime, uniq_natasha

Skill      XL: |  1  2 |
---------------+-------+-----
Armour         | 4 |  4.2
Shields        | 4 |  4.3
Fighting       | 4 |  4.2
Axes           | 3 |  3.2

Action                   || total
-------------------------++-------
Melee: War axe           ||    69
       Headbutt          ||     7
  Use: Scroll            ||     3
Armor: Scale mail        ||    28
Dodge: Dodged            ||    31
Block: Buckler           ||    26

Table legend: (Time is in decaauts)
 A = Elapsed time spent in this place.
 B = Non-inter-level travel time spent in this place.
 C = Inter-level travel time spent in this place.
 D = Time resting spent in this place.
 E = Time spent auto-exploring this place.
 F = Levels seen in this place.
 G = Mean time per level.
                   A        B        C        D        E       F      G
               +--------+--------+--------+--------+--------+-----+--------+
         Total |   1012 |    993 |     19 |      0 |    770 |   2 |  506.0 |
       Dungeon |   1012 |    993 |     19 |      0 |    770 |   2 |  506.0 |
               +--------+--------+--------+--------+--------+-----+--------+

Top non-repeatable levels by time:
     D:1: 747 daAuts
     D:2: 264 daAuts
